 Dungeon Crawl Stone Soup version 0.29-a0-575-g0dc89cf053 (webtiles) character file.

Game seed: 11424634370019446155

22227 porpoise the Markstengu (level 12, -3/69 HPs)
             Began as a Tengu Hunter on June 13, 2022.
             Was a High Priest of Hepliaklqana.
             Slain by an eight-headed hydra (8 damage)
             ... on level 4 of the Lair of Beasts.
             The game lasted 00:54:28 (15681 turns).

porpoise the Markstengu (Tengu Hunter)             Turns: 15681, Time: 00:54:28

Health: -3/69      AC: 10    Str: 12    XL:     12   Next: 98%
Magic:  16/16      EV: 14    Int: 10    God:    Hepliaklqana [*****.]
Gold:   889        SH:  0    Dex: 22    Spells: 11/11 levels left

rFire   . . .      SeeInvis +   a - +2 shortbow (venom)
rCold   . . .      Faith    .   (shield currently unavailable)
rNeg    . . .      Spirit   .   l - +1 scale mail {Will+}
rPois   .          Reflect  .   (helmet restricted)
rElec   .          Harm     .   (no cloak)
rCorr   .          Rampage  .   v - +0 pair of gloves
Will    +....                   (boots unavailable)
Stlth   +++.......              (no amulet)
HPRegen 0.21/turn               g - +4 ring of slaying
MPRegen 0.15/turn               t - ring of see invisible

@: flying quickly and evasively, quick
A: reduced essence, beak, talons 3, nimble flight
a: Renounce Religion, Recall Ancestor, Ancestor Identity, Transference, Idealise


You were on level 4 of the Lair of Beasts.
You worshipped Hepliaklqana.
Hepliaklqana was extremely pleased with you.
You visited 2 branches of the dungeon, and saw 14 of its levels.
You also visited: Ossuary.

You collected 889 gold pieces.

Inventory:

Hand Weapons
 a - a +2 shortbow of venom (weapon)
 b - the +5 flail "Rexidaka" {freeze, *Slow rPois rF- Stlth+}
   (You found it on level 10 of the Dungeon)

   It freezes those it strikes, dealing additional cold damage.
   It can also slow down cold-blooded creatures.
   rF:        It makes you vulnerable to fire.
   rPois:     It protects you from poison.
   *Slow:     It may slow you when you take damage.
   Stlth:     It makes you more stealthy.
Armour
 l - a +1 scale mail of willpower (worn)
 v - a +0 pair of gloves (worn)
Jewellery
 c - the ring of Wimuedoo {Will+ Str-5 Int+6 SInv}
   (You found it on level 3 of the Lair of Beasts)

   [ring of intelligence]

   Str:       It affects your strength (-5).
   Int:       It affects your intelligence (+6).
   SInv:      It lets you see invisible.
   Will:      It increases your willpower.
 g - a +4 ring of slaying (left hand)
 h - a ring of magical power
 t - a ring of see invisible (right hand)
Wands
 w - a wand of flame (18)
 G - a wand of acid (23)
 K - a wand of iceblast (20)
Scrolls
 d - a scroll of enchant weapon
 m - 5 scrolls of teleportation
 z - 4 scrolls of blinking
 E - a scroll of silence
 I - 4 scrolls of identify
 J - a scroll of vulnerability
 O - 4 scrolls of magic mapping
 Q - a scroll of poison
Potions
 e - 3 potions of resistance
 f - 7 potions of curing
 i - a potion of attraction
 j - a potion of brilliance
 k - a potion of berserk rage
 n - 4 potions of haste
 p - 3 potions of heal wounds
 s - 2 potions of ambrosia
 C - a potion of might
 S - 2 potions of invisibility
Miscellaneous
 N - a phantom mirror


   Skills:
 * Level 9.9 Fighting
 - Level 16.0 Bows
 - Level 7.0 Armour
 + Level 5.1 Dodging
 - Level 7.0 Stealth
 + Level 5.3 Invocations
 - Level 5.0 Evocations


You had 11 spell levels left.
You didn't know any spells.
Your spell library contained the following spells:

 Spells                   Type           Power      Damage    Failure   Level
 Summon Small Mammal      Summ           0%         N/A       85%         1
 Call Canine Familiar     Summ           0%         N/A       99%         3
 Dazzling Flash           Conj/Hex       0%         N/A       99%         3
 Stone Arrow              Conj/Erth      0%         3d7       99%         3
 Summon Guardian Golem    Hex/Summ       0%         N/A       99%         3
 Animate Armour           Summ/Erth      0%         N/A       100%        4
 Agony                    Necr           0%         N/A       100%        5
 Silence                  Hex/Air        0%         N/A       100%        5
 Lehudib's Crystal Spear  Conj/Erth      0%         10d2      100%        8


Dungeon Overview and Level Annotations

Branches:
Dungeon (10/15)            Temple (0/1) D:7            Lair (4/6) D:10
 Shoals (0/4) Lair:4       Spider (0/4) Lair:3          Orc (0/2) D:10
Ossuary (visited)

Altars:
Cheibriados
Hepliaklqana
Kikubaaqudgha
Nemelex Xobeh
Qazlal
Sif Muna
Wu Jian
Zin
The Shining One

Shops:
D:7 *

Annotations:
D:4 1 runed translucent door, croobank's ghost, amateur GnDe
D:6 dig
D:10 1 runed translucent door, spaghetti's ghost, journeyman GnNe


Innate Abilities, Weirdness & Mutations

Your life essence is reduced to manifest your ancestor. (-10% HP)
You have a beak for a mouth.
You have claws for feet.
Your magical nature lets you fly swiftly and evasively.


Message History

The eight-headed hydra closely misses you.
The eight-headed hydra barely misses you.
The eight-headed hydra bites you!
The eight-headed hydra bites you but does no damage.
The eight-headed hydra barely misses you.
Nikki hits the eight-headed hydra with a +0 flail!
Aiming: Corrosive Bolt
Press: ? - help, Shift-Dir - straight line, f/p - eight-headed hydra
Aim: an eight-headed hydra (moderately wounded, ally target, 91% to hit)
Okay, then.
Unknown command.
Aiming: Throw Flame
Press: ? - help, Shift-Dir - straight line, f/p - eight-headed hydra
Aim: an eight-headed hydra (moderately wounded, ally target, 91% to hit)
The puff of flame hits the eight-headed hydra.
The eight-headed hydra is heavily wounded.
The eight-headed hydra is engulfed in a cloud of scalding steam.
The eight-headed hydra bites you! The eight-headed hydra bites you.
The eight-headed hydra misses you.
The eight-headed hydra bites you but does no damage.
The eight-headed hydra bites you.
The eight-headed hydra closely misses you.
The eight-headed hydra bites you but does no damage.
The eight-headed hydra bites you!
* * * LOW HITPOINT WARNING * * *
Nikki hits the eight-headed hydra with a +0 flail!
Shoot: a) +2 shortbow (venom)
Press: ? - help, Q - select action, (/) - cycle Shift-Dir - straight line, f/p - eight-headed hydra
Aim: an eight-headed hydra (steam, severely wounded, ally target, 87% to hit)
You shoot an arrow. The arrow hits the eight-headed hydra.
The eight-headed hydra is severely wounded.
The eight-headed hydra is engulfed in a cloud of scalding steam.
The eight-headed hydra bites you.
* * * LOW HITPOINT WARNING * * *
The eight-headed hydra bites you.
* * * LOW HITPOINT WARNING * * *
The eight-headed hydra bites you!
* * * LOW HITPOINT WARNING * * *
The eight-headed hydra misses you. The eight-headed hydra bites you!
You die...

##...†###≈≈≈≈≈####
.#..)#†≈≈#≈≈≈#≈≈≈#
.....#≈≈≈#≈≈≈#≈≈≈#
..##.#≈≈≈#####≈≈≈#
.##P.#####≈≈≈)####
..##...#≈≈≈>≈≈≈#
..##.####'†≈≈#####
.###.#≈≈†#####≈≈≈#
..#..#≈≈≈#≈≈≈#≈≈@#
.....#≈≈≈#≈≈≈#≈RD#
.....####≈≈≈≈≈###FF.#
...#....####### ....#
.# ..#.#P.## ##..#
#..# ########## # ###
...# # #..######. #
..## #
.........####.#+...#
#####
..........+..##.....#


You could see the friendly Nikki the knight, an eight-headed hydra (ally target)
and a blink frog.

Vanquished Creatures
  3 hydras
  A death yak (Lair:3)
  2 merfolk sirens (Lair:4)
  A black mamba (Lair:2)
  2 cane toads (Lair:4)
  2 rime drakes
  A komodo dragon (Lair:2)
  4 blink frogs (Lair:4)
  26 yaks
  5 wyverns
  A steam dragon (D:8)
  2 acid dragons
  7 water moccasins
  An orc warrior (D:10)
  2 sky beasts
  12 wolves
  A centaur (D:9)
  3 kobold brigands
  10 bullfrogs
  A necrophage (D:4)
  2 scorpions
  4 wights (D:7)
  2 killer bees (D:7)
  7 howler monkeys
  2 hounds
  2 jellies
  2 orc priests
  2 iguanas
  3 orc wizards
  2 hell rats (Lair:1)
  Terence (D:2)
  9 mummies
  10 gnolls
  6 adders
  4 river rats (Lair:1)
  3 white imps
  3 worms
  A dart slug (D:2)
  16 orcs
  6 endoplasms
  6 giant cockroaches
  7 goblins
  9 hobgoblins
  5 quokkas
  8 ball pythons
  3 bats
  2 frilled lizards
  3 gnoll zombies (Ossuary)
  3 hobgoblin zombies (Ossuary)
  13 kobolds
  A kobold zombie (Ossuary)
  An orc zombie (Ossuary)
  3 rats
238 creatures vanquished.

Vanquished Creatures (collateral kills)
  A hydra (Lair:1)
  2 two-headed ogres
  2 death yaks (Lair:4)
  Pikel (D:8)
  3 cane toads
  A komodo dragon (Lair:3)
  A blink frog (Lair:4)
  A vampire (D:9)
  2 wyverns
  10 yaks
  3 water moccasins
  A sky beast (D:8)
  An orc warrior (D:10)
  4 wolves
  A lemure (D:8)
  A bullfrog (Lair:1)
  A gnoll sergeant (D:9)
  A wight (D:7)
  A killer bee (D:7)
  An electric eel (Lair:4)
  A howler monkey (D:7)
  A gnoll (D:5)
  4 river rats (Lair:1)
  3 orcs (D:10)
  A kobold (D:9)
  A butterfly (Lair:3)
50 creatures vanquished.

Vanquished Creatures (others)
  4 knights
  An ancestor (D:5)
  12 fungi
  26 plants
43 creatures vanquished.

Grand Total: 331 creatures vanquished

Notes
Turn   | Place    | Note
-------+----------+-------------------------------------------
     0 | D:1      | porpoise the Tengu Hunter began the quest for the Orb.
     0 | D:1      | Reached XP level 1. HP: 12/12 MP: 2/2
   323 | D:1      | Found a faded altar of an unknown god.
   349 | D:1      | Reached XP level 2. HP: 17/17 MP: 3/3
   914 | D:2      | Reached XP level 3. HP: 22/22 MP: 4/4
   928 | D:2      | Reached skill level 5 in Bows
  1052 | D:2      | Noticed Terence
  1059 | D:2      | Killed Terence
  1060 | D:2      | Reached XP level 4. HP: 21/27 MP: 5/5
  1539 | D:3      | You fall into a shaft and drop 3 floors!
  1575 | D:6      | Found a sand-covered staircase.
  1582 | D:6      | Gained mutation: Your magical nature lets you fly swiftly
                  | and evasively. [Tengu growth]
  1582 | D:6      | Reached XP level 5. HP: 32/32 MP: 6/6
  1586 | Ossuary  | Entered an ossuary
  2096 | Ossuary  | Reached skill level 6 in Bows
  2147 | Ossuary  | Reached XP level 6. HP: 37/37 MP: 7/7
  2389 | D:5      | Entered Level 5 of the Dungeon
  2834 | D:4      | Found an ornate altar of the Wu Jian Council.
  2834 | D:4      | Found a stormy altar of Qazlal.
  3205 | D:3      | Found a sparkling altar of Nemelex Xobeh.
  3215 | D:3      | Found a hazy altar of Hepliaklqana.
  3215 | D:3      | Found a snail-covered altar of Cheibriados.
  3218 | D:3      | Found a glowing golden altar of the Shining One.
  3225 | D:3      | Became a worshipper of Hepliaklqana the Forgotten
  3667 | D:3      | Found a shimmering blue altar of Sif Muna.
  4073 | D:4      | Reached skill level 7 in Bows
  4073 | D:4      | Reached XP level 7. HP: 40/42 MP: 8/8
  4440 | D:4      | Reached * piety under Hepliaklqana
  4629 | D:4      | Found a runed translucent door.
  4631 | D:4      | Noticed croobank's ghost (amateur GnDe)
  5455 | D:6      | Found an ancient bone altar of Kikubaaqudgha.
  5635 | D:6      | Reached skill level 8 in Bows
  5635 | D:6      | Reached XP level 8. HP: 43/43 MP: 9/9
  5641 | D:6      | Reached ** piety under Hepliaklqana
  5642 | D:6      | Remembered your ancestor Nikki as a knight
  5693 | D:6      | Reached skill level 5 in Fighting
  5892 | D:7      | Reached skill level 5 in Stealth
  5904 | D:7      | Reached skill level 9 in Bows
  6135 | D:7      | Reached XP level 9. HP: 49/49 MP: 10/10
  6230 | D:7      | Reached skill level 10 in Bows
  6468 | D:7      | Found a staircase to the Ecumenical Temple.
  6511 | D:7      | Found Zin's Purification Station.
  6513 | D:7      | Found a glowing silver altar of Zin.
  7297 | D:8      | Noticed Pikel
  7302 | D:8      | Killed Pikel
  7303 | D:8      | Reached skill level 11 in Bows
  7500 | D:8      | Reached skill level 1 in Evocations
  7506 | D:8      | Reached XP level 10. HP: 55/56 MP: 11/11
  7619 | D:8      | Reached skill level 12 in Bows
  7787 | D:8      | Reached *** piety under Hepliaklqana
  8330 | D:9      | Noticed a two-headed ogre
  8339 | D:9      | Killed a two-headed ogre
  8340 | D:9      | Reached skill level 13 in Bows
  8541 | D:9      | Reached skill level 5 in Evocations
  8751 | D:9      | Reached **** piety under Hepliaklqana
  8906 | D:10     | Entered Level 10 of the Dungeon
  8986 | D:10     | Reached skill level 14 in Bows
  9010 | D:10     | Reached XP level 11. HP: 60/60 MP: 12/12
  9013 | D:10     | Reached skill level 1 in Armour
  9017 | D:10     | Reached skill level 1 in Invocations
  9093 | D:10     | Found a staircase to the Lair.
  9100 | D:10     | Noticed a spriggan rider
  9103 | D:10     | Found a runed translucent door.
  9110 | D:10     | Identified the +7 spear "Togyguy" {freeze, +Blink rPois
                  | MP+9}
  9111 | D:10     | Noticed spaghetti's ghost (journeyman GnNe)
  9231 | D:10     | Identified the +5 flail "Rexidaka" {freeze, *Slow rPois rF-
                  | Stlth+}
  9239 | D:10     | Found a staircase to the Orcish Mines.
  9535 | D:10     | Noticed a two-headed ogre
  9540 | D:10     | Killed a two-headed ogre
  9882 | Lair:1   | Entered Level 1 of the Lair of Beasts
 10284 | Lair:1   | Reached skill level 15 in Bows
 10615 | Lair:1   | Reached ***** piety under Hepliaklqana
 10709 | Lair:1   | Noticed a seven-headed hydra
 10717 | Lair:1   | Killed a seven-headed hydra
 10999 | Lair:1   | Noticed a seven-headed hydra
 11017 | Lair:1   | Killed a seven-headed hydra
 11018 | Lair:1   | Reached skill level 5 in Armour
 11588 | Lair:2   | Reached skill level 16 in Bows
 11588 | Lair:2   | Reached XP level 12. HP: 64/64 MP: 15/15
 12074 | Lair:2   | Identified the +1 robe "Firaf" {Harm rF- rN++ MP+9}
 12798 | Lair:2   | You are sucked into a shaft and drop 1 floor!
 12827 | Lair:3   | Identified the ring of Wimuedoo {Will+ Str-5 Int+6 SInv}
 13102 | Lair:2   | Noticed a five-headed hydra
 13115 | Lair:2   | Killed a five-headed hydra
 13600 | Lair:3   | Found a hole to the Spider Nest.
 14159 | Lair:4   | Noticed a death yak
 14161 | Lair:4   | Noticed a death yak
 14164 | Lair:4   | Noticed a death yak
 14524 | Lair:3   | Killed a death yak
 14594 | Lair:4   | Noticed a five-headed hydra
 14607 | Lair:4   | Killed a five-headed hydra
 14662 | Lair:4   | Killed a death yak
 15005 | Lair:4   | Killed a death yak
 15322 | Lair:4   | Reached skill level 5 in Invocations
 15444 | Lair:4   | Found a staircase to the Shoals.
 15465 | Lair:4   | Reached skill level 5 in Dodging
 15676 | Lair:4   | Noticed an eight-headed hydra
 15681 | Lair:4   | Slain by an eight-headed hydra

Illustrated notes

Levels and vault maps discovered:
D:1:      psy_arrival_fountain, layout_basic, ebering_ecumenical_altar_hall
D:2:      layout_basic, uniq_terence
D:3:      layout_basic, kennysheep_orc_sif_temple,
          gammafunk_temple_overflow_claw, nemelex_xobeh_ov_fountains_minmay,
          portal_sewer_entry_f, serial_co_window_serial, co_window_paths_a,
          co_window_paths_a, co_window_cross_1, co_window_paths_a,
          co_window_paths_a, co_window_corner_a, co_window_corner_a,
          co_window_corner_b, co_window_2corner, co_window_broadway_a,
          co_window_corner_cb, co_window_corner_cb, glass_columns_a,
          glass_columns_b, glass_columns_c
D:4:      layout_basic, gammafunk_temple_overflow_statue, ebering_ghost_sewer_d
D:5:      layout_loops_ring
D:6:      layout_basic, mainiacjoe_overflow_six_doors_small,
          gup_ossuary_entry_pyramid, due_unseen_surprise
D:7:      layout_cave_pools, zin_purify, minmay_temple_entry_purple_smoke
D:8:      layout_loops_corners, uniq_pikel
D:9:      layout_grid_maze
D:10:     layout_basic, minmay_lair_entry_grove, orc_0_dummy,
          ebering_ghost_funeral_grove
Lair:1:   layout_regular_city, kennysheep_rathole, lemuel_fruit_fields,
          serial_bayou_shore_b
Lair:2:   layout_concentric_octagons
Lair:3:   layout_roguey, dummy_spider_entry, st_stairs_6,
          chequers_serial_rivers_small_a, lemuel_fruit_fields,
          serial_bayou_shore_b, grunt_megastairs_2
Lair:4:   layout_roguey, elwin_shoals_entry_rooms

Skill      XL: |  1  2  3  4  5  6  7  8  9 10 11 12 |
---------------+-------------------------------------+-----
Bows           | 5 6 7 8 9 11 14 16 | 16.0
Stealth        | 2 3 4 5 7 |  7.0
Fighting       | 3 4 5 7 9 |  9.9
Evocations     | 2 5 |  5.0
Armour         | 5 7 |  7.0
Invocations    | 3 5 |  5.3
Dodging        | 5 |  5.1

Action                   |  1- 3 |  4- 6 |  7- 9 | 10-12 || total
-------------------------+-------+-------+-------+-------++-------
 Fire: Shortbow          |    53 |   142 |   177 |   473 ||   845
Throw: Dart              |       |     2 |       |       ||     2
Invok: Ancestor Identity |       |       |     1 |       ||     1
       Ancestor Life: Kn |       |       |     1 |       ||     1
       Recall Ancestor   |       |       |       |     3 ||     3
       Transference      |       |       |       |     1 ||     1
Evoke: Wand              |       |       |       |     2 ||     2
  Use: Scroll            |       |    14 |     9 |     6 ||    29
       Potion            |       |     1 |       |     1 ||     2
Armor: Ring mail         |     3 |     6 |     1 |    15 ||    25
       Scale mail        |       |       |       |     5 ||     5
Dodge: Dodged            |     3 |    21 |    21 |    79 ||   124

Table legend: (Time is in decaauts)
 A = Elapsed time spent in this place.
 B = Non-inter-level travel time spent in this place.
 C = Inter-level travel time spent in this place.
 D = Time resting spent in this place.
 E = Time spent auto-exploring this place.
 F = Levels seen in this place.
 G = Mean time per level.
                   A        B        C        D        E       F      G
               +--------+--------+--------+--------+--------+-----+--------+
         Total |  14887 |  14541 |    346 |   4746 |   7423 |  15 |  992.5 |
       Dungeon |   8908 |   8697 |    211 |   2018 |   5214 |  10 |  890.8 |
          Lair |   5283 |   5148 |    135 |   2279 |   2198 |   4 | 1320.8 |
       Ossuary |    695 |    695 |      0 |    449 |     10 |   1 |  695.0 |
               +--------+--------+--------+--------+--------+-----+--------+

Top non-repeatable levels by time:
  Lair:2: 2196 daAuts
     D:3: 1220 daAuts
  Lair:1: 1158 daAuts
  Lair:4: 1127 daAuts
    D:10: 1091 daAuts
     D:8: 1032 daAuts
     D:9: 999 daAuts
     D:5: 969 daAuts
     D:7: 831 daAuts
  Lair:3: 801 daAuts
     D:2: 780 daAuts
     D:4: 757 daAuts
     D:6: 752 daAuts
 Ossuary: 695 daAuts
     D:1: 473 daAuts
